 Dungeon Sprint DCSS version 0.29.1-2-gbd0b4ee654 (webtiles) character file.

Game seed: 2449814924412422890

5 Groucho the Sneak (level 1, -5/9 HPs)
             Began as a Spriggan Enchanter on Nov 26, 2022.
             Slain by a black bear (8 damage)
             ... in the Dungeon (Sprint IX: "|||||||||||||||||||||||||||||").
             The game lasted 00:00:22 (430 turns).

Groucho the Sneak (Spriggan Enchanter)               Turns: 430, Time: 00:00:23

Health: -5/9       AC:  2    Str:  4    XL:     1   Next: 66%
Magic:  5/5        EV: 17    Int: 16    God:
Gold:   0          SH:  0    Dex: 15    Spells: 6/6 levels left

rFire   . . .      SeeInvis +   a - +1 dagger
rCold   . . .      Faith    .   (no shield)
rNeg    . . .      Spirit   .   b - +0 robe
rPois   .          Reflect  .   (helmet restricted)
rElec   .          Harm     .   (no cloak)
rCorr   .          Rampage  .   (gloves unavailable)
Will    .....      NoTele   +   (boots unavailable)
Stlth   +++.......              (no amulet)
HPRegen 0.03/turn               (no ring)
MPRegen 0.09/turn               (no ring)

@: invisible, very quick
A: very small, no large weapons, unfitting armour, see invisible, speed 3
a: no special abilities


You were in the Dungeon.
You visited 1 branch

Inventory:

Hand Weapons
 a - a +1 dagger (weapon)
Armour
 b - a +0 robe (worn)
Scrolls
 i - a scroll of blinking
Potions
 c - a potion of invisibility
 e - a potion of heal wounds
 f - a potion of haste
 g - 2 potions of magic
 h - a potion of berserk rage


   Skills:
 - Level 1.1 Short Blades
 - Level 2.6 Dodging
 * Level 5.9 Stealth
 + Level 3.3 Spellcasting
 + Level 4.2 Hexes


You had 6 spell levels left.
You didn't know any spells.
Your spell library contained the following spells:

 Spells                   Type           Power      Damage    Failure   Level
 Confusing Touch          Hex            16%        N/A       10%         3
 Tukima's Dance           Hex            16%        N/A       10%         3
 Ensorcelled Hibernation  Hex/Ice        18%        N/A       12%         2
 Dazzling Flash           Conj/Hex       18%        N/A       22%         3


Dungeon Overview and Level Annotations

Branches:
Dungeon (1/1)

Altars:


Innate Abilities, Weirdness & Mutations

You are very small and have problems with some larger weapons.
You are too small for most types of armour.
You have supernaturally acute eyesight. (SInv)
You cover ground extremely quickly. (Speed+++)


Message History

You start waiting.
Done waiting.
You start waiting.
Done waiting.
You start waiting.
Done waiting.
You open the door.
A black bear, a necrophage, an ogre, a jelly and a quokka come into view.
There is an open door here.
The helpless black bear fails to defend itself.
You impale the black bear!!
The black bear is severely wounded.
The black bear barely misses you. The black bear completely misses you.
The black bear claws you.
The ogre shouts!
The jelly quivers.
You fade into invisibility!
The black bear bites you. The black bear barely misses you.
The black bear misses you.
You hit the black bear.
The black bear is severely wounded.
The black bear closely misses you. x2; The black bear misses you.
Unknown command.
You feel better.
The black bear goes berserk!
You hit the black bear.
The black bear is severely wounded.
The black bear barely misses you. The black bear claws you.
Ouch! That really hurt!
The black bear closely misses you.
You barely miss the black bear.
The black bear is severely wounded.
The black bear misses you. x2; The black bear closely misses you.
You hit the black bear.
The black bear is almost dead.
The black bear barely misses you. x2; The black bear closely misses you.
You hit the black bear.
The black bear is almost dead.
The black bear bites you!
Ouch! That really hurt!
You die...

▓.▓
▓.▓
▓.▓
▓'▓
▓÷▓
▓.▓
▓.▓
▓.▓
▓@▓
▓h▓
▓n▓
▓O▓
▓J▓
▓r▓
▓.▓
▓+▓


You could see a black bear (berserk, unable to see you), an ogre (unable to see
you), a necrophage (unable to see you), a jelly and a quokka (unable to see
you).

Vanquished Creatures
  2 hobgoblins (D)
  A quokka (D)
  A bat (D)
  A rat (D)
5 creatures vanquished.

Notes
Turn   | Place    | Note
-------+----------+-------------------------------------------
     0 | D        | Groucho the Spriggan Enchanter began the quest for the Orb.
     0 | D        | Reached XP level 1. HP: 9/9 MP: 5/5
     7 | D        | Reached skill level 5 in Stealth
   420 | D        | Noticed a black bear
   420 | D        | Noticed a necrophage
   420 | D        | Noticed an ogre
   420 | D        | Noticed a jelly
   430 | D        | Slain by a black bear

Illustrated notes

Levels and vault maps discovered:
D:        linesprint [early_d, line_temple, items_1, d_10, items_2, lair_1,
          lair_end, items_3, orc_1, orc_end, items_4, d_15, swamp_1, shoals_1,
          snake_1, spider_1, d_20, vaults_1, items_5, swamp_end, shoals_end,
          snake_end, spider_end, vaults_end, d_27, items_6, zot_1, zot_end,
          crypt_end, forest_end, elf_end, slime_end, tomb_end, abyss_end,
          pan_hell_end]

Skill      XL: |  1 |
---------------+----+-----
Stealth        | 5 |  5.9
Spellcasting   | 3 |  3.3
Hexes          | 4 |  4.2
Short Blades   | |  1.1
Dodging        | |  2.6

Action                   || total
-------------------------++-------
Melee: Dagger            ||    18
  Use: Potion            ||     2
 Stab: Sleeping          ||     1
Dodge: Dodged            ||    25
